 Dungeon Crawl Stone Soup version 0.30.1-9-gdf580d7c3d (webtiles) character file.

Game seed: 9313206950882064112

51 Kranky the Shield-Bearer (level 3, -1/33 HPs)
             Began as a Minotaur Fighter on Oct 23, 2023.
             Was a Follower of Qazlal.
             Slain by Crazy Yiuf
             ... wielding a +2 quarterstaff of chaos
              (10 damage)
             ... on level 2 of the Dungeon.
             The game lasted 00:01:48 (1654 turns).

Kranky the Shield-Bearer (Minotaur Fighter)         Turns: 1654, Time: 00:01:49

Health: -1/33      AC:  7    Str: 22    XL:     3   Next: 57%
Magic:  2/2        EV:  9    Int:  5    God:    Qazlal [*.....]
Gold:   104        SH:  6    Dex:  9    Spells: 2/2 levels left

rFire   . . .        a - +0 trident
rCold   . . .        c - +0 buckler
rNeg    . . .        b - +0 scale mail
rPois   .            (helmet restricted)
rElec   .            (no cloak)
rCorr   .            (no gloves)
SInv    .            (no boots)
Will    .....        (no amulet) Stlth
                     (no ring)
HPRegen 0.25/turn    (no ring)
MPRegen 0.08/turn

%: no passive effects
@: lethally poisoned (-1 -> -16), hasted, very quick
A: horns 2, retaliatory headbutt
a: Renounce Religion


You were on level 2 of the Dungeon.
You worshipped Qazlal.
Qazlal was aware of your devotion.
You visited 1 branch of the dungeon, and saw 2 of its levels.

You collected 104 gold pieces.

Inventory:

Hand Weapons
 a - a +0 trident (weapon)
Armour
 b - a +0 scale mail (worn)
 c - a +0 buckler (worn)
Jewellery
 r - a ring of protection from cold
Scrolls
 e - a scroll of noise {unknown}
 g - 2 scrolls of immolation {unknown}
 h - 2 scrolls of vulnerability {unknown}
 i - 3 scrolls of magic mapping {unknown}
 j - 4 scrolls of blinking {unknown}
 k - a scroll of identify {unknown}
 l - a scroll of acquirement {unknown}
 n - a scroll of teleportation {unknown}
 o - a scroll of poison {unknown}
 q - a scroll of silence {unknown}
Potions
 d - a potion of might
 f - 2 potions of lignification {unknown}
 m - 2 potions of ambrosia {unknown}
 p - a potion of degeneration {unknown}
 s - a potion of attraction {unknown}


   Skills:
 + Level 4.1 Fighting
 + Level 3.1 Polearms
 + Level 4.2 Armour
 + Level 4.2 Shields


You had 2 spell levels left.
You didn't know any spells.
Your spell library was empty.

Dungeon Overview and Level Annotations

Branches:
Dungeon (2/15)

Altars:
Qazlal

Annotations:
D:2 Crazy Yiuf


Innate Abilities, Weirdness & Mutations

You have a pair of horns on your head.
You reflexively headbutt those who attack you in melee.


Message History

Crazy Yiuf shouts!
Crazy Yiuf whimpers, "Castle sanguine bag!"
Key pressed, stopping explore.
No target in view!
Key pressed, stopping explore.
No target in view!
No target in view!
Failed to move towards target.
Could not explore, unopened runed door.
Failed to move towards target.
Could not explore, unopened runed door.
Failed to move towards target.
Could not explore, unopened runed door.
Failed to move towards target.
Could not explore, unopened runed door.
Failed to move towards target.
You open the door. You hit Crazy Yiuf but do no damage.
Crazy Yiuf hits you but does no damage.
You feel yourself speed up.
You hit Crazy Yiuf.
Crazy Yiuf is moderately wounded.
Crazy Yiuf hits you with a +2 quarterstaff of chaos.
Space warps around you.
You hit Crazy Yiuf but do no damage.
Crazy Yiuf is moderately wounded.
You block Crazy Yiuf's attack.
You hit Crazy Yiuf.
Crazy Yiuf is heavily wounded.
Crazy Yiuf says, "Crazy?
Crazy!?
PORCUPINE!"
Crazy Yiuf hits you with a +2 quarterstaff of chaos!
You are lethally poisoned!
You are too injured to fight recklessly!
You are too injured to fight recklessly!
You are too injured to fight recklessly!
You closely miss Crazy Yiuf.
Crazy Yiuf is heavily wounded.
* * * LOW HITPOINT WARNING * * *
You feel very sick.
Crazy Yiuf hits you with a +2 quarterstaff of chaos!
You die...

.# #...##
#.###### ##
##'## ###
#.# #.#
#####
#######.##
#)..#
...†.....##
#...#
#####.....##
... ##.....#
#g# ####
#..##.# ♣@♣♣
÷..###..##.#
♣♣.♣
##.........#
♣.♣♣
#####..####
♣♣.♣
######..#
♣♣.♣♣
........####
♣♣...♣
.....##....#
♣....♣
####.##.####
#....# ##
#.##.#
###....###


You could see Crazy Yiuf.

Vanquished Creatures
  Robin (D:1)
  A dart slug (D:1)
  5 bats
  4 endoplasms
  9 goblins
  7 hobgoblins
  A quokka (D:2)
  2 ball pythons (D:1)
  2 frilled lizards (D:1)
  2 kobolds (D:1)
  A rat (D:1)
35 creatures vanquished.

Notes
Turn   | Place    | Note
-------+----------+-------------------------------------------
     0 | D:1      | Kranky the Minotaur Fighter began the quest for the Orb.
     0 | D:1      | Reached XP level 1. HP: 19/19 MP: 0/0
   277 | D:1      | Reached XP level 2. HP: 27/27 MP: 1/1
   307 | D:1      | Found a faded altar of an unknown god.
   531 | D:1      | Prayed at the altar of an unknown god.
   531 | D:1      | Became a worshipper of Qazlal Stormbringer
   531 | D:1      | Reached * piety under Qazlal
   687 | D:2      | Noticed Robin
   807 | D:1      | Reached XP level 3. HP: 33/33 MP: 2/2
   814 | D:1      | Killed Robin
  1609 | D:2      | Found a runed translucent door.
  1610 | D:2      | Noticed Crazy Yiuf
  1654 | D:2      | Slain by Crazy Yiuf

Illustrated notes

Levels and vault maps discovered:
D:1:      eino_arrival_druids_welcome, layout_basic,
          shapermc_ecumenical_altar_pompeii, minmay_heptomino_l4
D:2:      layout_loops_corners, serial_forest, infiniplex_forest_lined_2,
          infiniplex_forest_clump_cross, infiniplex_forest_diagonal,
          infiniplex_forest_clump_medium, infiniplex_forest_corner_1,
          infiniplex_forest_straight_4, uniq_crazy_yiuf_cottage, uniq_robin

Skill      XL: |  1  2 |
---------------+-------+-----
Shields        | 4 |  4.2
Fighting       | 4 |  4.1
Armour         | 4 |  4.2
Polearms       | 3 |  3.1

Action                     || total
---------------------------++-------
  Melee: Trident           ||   106
         Headbutt          ||    10
 Armour: Scale mail        ||    50
  Dodge: Dodged            ||    39
  Block: Buckler           ||    23
